 Dungeon Crawl Stone Soup version 0.31-a0-486-g8d68a81214 (webtiles) character file.

Game seed: 16029465553693255569

84 javelincjr the Ruffian (level 4, -1/29 HPs)
             Began as an Octopode Shapeshifter on Aug 7, 2023.
             Slain by a hobgoblin (3 damage)
             ... led by Robin
             ... on level 3 of the Dungeon.
             The game lasted 00:04:29 (1064 turns).

javelincjr the Ruffian (Octopode Shapeshifter)      Turns: 1064, Time: 00:04:29

Health: -1/29      AC:  1    Str: 16    XL:     4   Next: 45%
Magic:  4/4        EV: 13    Int: 10    God:
Gold:   19         SH:  0    Dex: 12    Spells: 3/3 levels left

rFire   . . .        i - +2 short sword (elec)
rCold   . . .        (no shield)
rNeg    . . .        (helmet currently unavailable)
rPois   .            (no amulet)
rElec   .            (no ring)
rCorr   .            (no ring)
SInv    .            (no ring)
Will    .....        (no ring)
Stlth   ++           (no ring)
HPRegen 0.24/turn    (no ring)
MPRegen 0.09/turn    (no ring)
                     (no ring)

%: no passive effects
@: beast-form
A: beast (slay +2), almost no armour, amphibious, 8 rings, camouflage 1,
gelatinous body 1, (nimble swimmer 1), tentacles
a: Begin Untransformation


You were on level 3 of the Dungeon.
You were a hulking beast.
You visited 1 branch of the dungeon, and saw 3 of its levels.

You collected 45 gold pieces.
You spent 26 gold pieces at shops.

Inventory:

Hand Weapons
 i - a +2 short sword of electrocution (weapon)
Missiles
 c - 5 atropa-tipped darts
Talismans
 b - a beast talisman (active)
Scrolls
 h - 2 scrolls of immolation
Potions
 a - a potion of lignification
 g - a potion of enlightenment
 j - a potion of ambrosia
 k - a potion of mutation {unknown}


   Skills:
 + Level 2.1 Fighting
 + Level 2.8 Dodging
 + Level 3.6 Unarmed Combat
 + Level 3.4 Shapeshifting


You had 3 spell levels left.
You didn't know any spells.
Your spell library contained the following spells:

 Spells                   Type           Power      Damage    Failure   Level
 Sting                    Tmut/Pois      0%         1d3       36%         1
 Poisonous Vapours        Pois/Air       0%         N/A       50%         2
 Volatile Blastmotes      Fire/Tloc      0%         2d10      75%         3
 Fulminant Prism          Conj/Hex       0%         3d5       98%         4
 Iskenderun's Mystic Bla  Conj/Tloc      0%         2d3       98%         4
 Olgreb's Toxic Radiance  Pois           0%         N/A       98%         4


Dungeon Overview and Level Annotations

Branches:
Dungeon (3/15)

Altars:

Shops:
D:2 !**(

Annotations:
D:3 Robin


Innate Abilities, Weirdness & Mutations

You are a hulking beast.
Your limbs bulge with bestial killing power. (Slay +2)
You cannot wear most types of armour.
You are amphibious.
You can wear up to eight rings at the same time.
Your skin changes colour to match your surroundings (Stealth+).
Your rubbery body absorbs attacks. (AC +1, EV +1)
((You are camouflaged when in or above water. (Stealth+)))
You have tentacles for arms and can constrict up to eight enemies at once.


Message History

The hobgoblin shouts!
You hear a shout! x2
You barely miss the endoplasm. The endoplasm freezes you.
You are frozen.
You hit the endoplasm.
The endoplasm is heavily wounded.
The endoplasm freezes you.
You are frozen.
You hit the endoplasm.
You kill the endoplasm!
Robin of the Strong Arm comes into view.
They are wielding a +0 mace.
Robin shouts!
You puncture the goblin!
You kill the goblin!
You hear a shout! x4 2 goblins come into view.
The goblin shouts!
The hobgoblin misses you.
Robin roars a battlecry!
The goblins go into a battle-frenzy!
The goblin moves out of view.
The goblin shouts!
You hear a shout!
You see here a +0 dagger.
The hobgoblin attacks as you move away! The hobgoblin hits you.
You closely miss the hobgoblin. Your grab misses the hobgoblin.
Your squeeze misses the hobgoblin. The hobgoblin misses you.
A goblin comes into view. It is wielding a +0 club.
Robin roars a battlecry!
You closely miss the hobgoblin. Your grab misses the hobgoblin.
The hobgoblin hits you. Robin throws the goblin at you!
A hobgoblin comes into view.
The goblin hits you with a +0 club. The goblin attacks as you move away!
The goblin hits you with a +0 club!
* * * LOW HITPOINT WARNING * * *
The goblin attacks as you move away! The goblin misses you.
The hobgoblin attacks as you move away! The hobgoblin hits you.
* * * LOW HITPOINT WARNING * * *
There is a stone staircase leading up here.
The goblin misses you. The hobgoblin hits you.
You die...

#...# #...# ##########
#...#
#........#####...#####
#.######.........##..)
#.....####.###...##...
#.....# #.# #........
#..gg.# #.# ##.###...
#.##gh####.####......#
#)###g##.........#####
#g#...)......##.##
#.gg............#.#
#g...g..............##
#..g.................#
g....)................#
.g..............†.....##
......................#


You could see a hobgoblin (strong) and 3 goblins.

Vanquished Creatures
  2 gnolls (D:1)
  2 adders
  A dart slug (D:2)
  4 bats
  8 endoplasms
  2 giant cockroaches
  4 goblins
  3 hobgoblins
  2 jackals (D:2)
  5 kobolds
  4 ball pythons
  2 frilled lizards (D:1)
39 creatures vanquished.

Notes
Turn   | Place    | Note
-------+----------+-------------------------------------------
     0 | D:1      | javelincjr the Octopode Shapeshifter began the quest for
                  | the Orb.
     0 | D:1      | Reached XP level 1. HP: 13/13 MP: 1/1
   173 | D:1      | Reached XP level 2. HP: 10/18 MP: 2/2
   298 | D:1      | Reached XP level 3. HP: 23/23 MP: 3/3
   576 | D:2      | Found Foes's Distillery.
   701 | D:2      | Found Durr's Antique Weapon Shop.
   755 | D:2      | Found Lysett's General Store.
   838 | D:2      | Found Eroskoluce's Assorted Antiques.
   848 | D:2      | Reached XP level 4. HP: 29/29 MP: 4/4
   852 | D:2      | Bought a scroll labelled FUVADGH JOUKHLO for 26 gold pieces
  1054 | D:3      | Noticed Robin
  1064 | D:3      | Slain by a hobgoblin

Illustrated notes

Levels and vault maps discovered:
D:1:      dpeg_arrival_tiny_i, layout_rooms, nicolae_grassy_gnolls
D:2:      layout_rooms, serial_shops, nicolae_shop_behind_doors,
          nicolae_shop_tiny_real_fake_doors, nicolae_shop_statue_plus,
          nicolae_shop_tiny_glass
D:3:      layout_rooms, minmay_curled_crystal, kennysheep_generic_room_7,
          uniq_natasha, uniq_grinder, uniq_robin, uniq_terence

Skill      XL: |  1  2  3 |
---------------+----------+-----
Fighting       | 2 |  2.1
Dodging        | |  2.8
Unarmed Combat | |  3.6
Shapeshifting  | |  3.4

Action                     |  1- 3 |  4- 6 || total
---------------------------+-------+-------++-------
  Melee: Unarmed           |    53 |       ||    53
         Constrict         |    15 |     4 ||    19
         Tentacles         |    15 |       ||    15
         Short sword       |     2 |    19 ||    21
         Punch             |     2 |       ||     2
    Use: Scroll            |       |     5 ||     5
   Stab: Sleeping          |     6 |     1 ||     7
 Armour: Skin              |     3 |     1 ||     4
  Dodge: Dodged            |    32 |    12 ||    44

Table legend: (Time is in decaauts)
 A = Elapsed time spent in this place.
 B = Non-inter-level travel time spent in this place.
 C = Inter-level travel time spent in this place.
 D = Time resting spent in this place.
 E = Time spent auto-exploring this place.
 F = Levels seen in this place.
 G = Mean time per level.
                   A        B        C        D        E       F      G
               +--------+--------+--------+--------+--------+-----+--------+
         Total |   1059 |   1021 |     38 |      0 |    786 |   3 |  353.0 |
       Dungeon |   1059 |   1021 |     38 |      0 |    786 |   3 |  353.0 |
               +--------+--------+--------+--------+--------+-----+--------+

Top non-repeatable levels by time:
     D:1: 460 daAuts
     D:2: 457 daAuts
     D:3: 142 daAuts
